 Dungeon Crawl Stone Soup version 0.28.0 (webtiles) character file.

Game seed: 11723942191967390412

101 ProzacElf the Cudgeller (level 5, -9/41 HPs)
             Began as a Human Monk on Feb 7, 2022.
             Was a Priest of Trog.
             Killed from afar by a centaur (24 damage)
             ... with a bolt of acid
             ... on level 3 of the Dungeon.
             The game lasted 00:06:05 (2976 turns).

ProzacElf the Cudgeller (Human Monk)                Turns: 2976, Time: 00:06:06

Health: -9/41      AC:  8    Str: 14    XL:     5   Next: 4%
Magic:  5/5        EV: 12    Int: 10    God:    Trog [***...]
Gold:   43         SH:  0    Dex: 15    Spells: 4/4 levels left

rFire   . . .      SeeInvis .   a - +0 flail
rCold   . . .      Faith    .   (no shield)
rNeg    + . .      Spirit   .   j - +0 ring mail
rPois   .          Reflect  .   t - +2 helmet
rElec   .          Harm     .   r - scarf {shadows}
rCorr   .          Rampage  .   (no gloves)
Will    .....                   (no boots)
Stlth   +.........              c - amulet of the acrobat
HPRegen 0.13/turn               w - ring of positive energy
MPRegen 0.09/turn               (no ring)

@: no status effects
A: no striking features
a: Renounce Religion, Berserk, Trog's Hand


You were on level 3 of the Dungeon.
You worshipped Trog.
Trog was most pleased with you.
You visited 1 branch of the dungeon, and saw 3 of its levels.

You collected 43 gold pieces.

Inventory:

Hand Weapons
 a - a +0 flail (weapon)
 b - a +4 dagger
 f - a +0 mace
 h - a +0 hand axe
 n - a +0 spear
 p - a +0 hunting sling
Missiles
 g - 74 stones
 i - 5 poisoned darts (quivered)
 q - 3 silver javelins
Armour
 j - a +0 ring mail (worn)
 r - a scarf of shadows (worn)
 t - a +2 helmet (worn)
Jewellery
 c - an amulet of the acrobat (around neck)
 w - a ring of positive energy (left hand)
Scrolls
 e - a scroll of fear {unknown}
 m - a scroll of amnesia {unknown}
 o - a scroll of immolation {unknown}
 s - 2 scrolls of magic mapping {unknown}
 v - a scroll of fog {unknown}
 x - a scroll of enchant armour {unknown}
Potions
 d - a potion of lignification {unknown}
 k - a potion of degeneration {unknown}
 l - a potion of brilliance {unknown}
 u - a potion of curing {unknown}


   Skills:
 - Level 3.0 Fighting
 + Level 4.3 Maces & Flails
 + Level 4.3 Dodging
 - Level 2.0 Stealth


You had 4 spell levels left.
You didn't know any spells.
Your spell library was empty.

Dungeon Overview and Level Annotations

Branches:
Dungeon (3/15)

Altars:
Trog


Message History

Ye hit tha rat.
Ye kill tha rat!
Trog accepts yer kill.
Nay target in view!
Nay target in view!
Nay target in view!
Thin's tha be 'ere: a +0 dagger; a rat corpse; a goblin corpse Health restored: 41
x - a scroll labelled YTOMIS BETS Thin's tha be 'ere: a +0 dagger; a rat corpse; a goblin corpse Thar be an op'n door 'ere.
A centaur comes inta view.
It be carryin' a wand o' acid (5).
Tha centaur shouts!
Tha centaur wields a +0 shortbow.
Tha centaur shoots an arrow.
Tha arrow hits ye.
Ye hear a shout!
Ye take 3 damage, an' haf 38/41 hp.
Ye hear a shout!
Tha centaur shoots an arrow.
Tha arrow completely misses ye.
Ye hear a shout!
Tha centaur zaps a wand.
Tha bolt o' acid misses ye.
Tha centaur zaps a wand.
Tha bolt o' acid misses ye.
Ye hit tha centaur.
Tha centaur be lightly wounded.
Tha centaur zaps a wand.
Tha bolt o' acid misses ye.
Tha centaur zaps a wand.
Tha bolt o' acid hits ye!!
Ouch! Tha re'lly hurt!
Ye take 23 damage, an' haf 15/41 hp.
MASSIVE DAMAGE!!
Ye closely miss tha centaur.
Tha centaur be lightly wounded.
Tha centaur unwields a +0 shortbow.
Tha centaur hits ye but does nay damage.
Tha centaur kicks ye.
Ye barely miss tha centaur.
Tha centaur be lightly wounded.
Tha centaur zaps a wand.
Tha bolt o' acid hits ye!!
Ouch! Tha re'lly hurt!
Ye die...

....#
####.
...+
......
#### ##
......
...+
.#......
####
........
#.......
#c......
#@......
#.#+####
#.#.#
#.#.#
#.#.# #
#.#.#
#.......
#
#.#.###
#.......
#
#.....#
#.......
#
#...#.#
#.......


You could see a centaur.

Vanquished Creatures
  An orc priest (D:3)
  3 worms (D:2)
  3 dart slugs
  7 orcs
  5 bats
  An endoplasm (D:1)
  3 giant cockroaches
  3 goblins
  2 hobgoblins
  3 jackals (D:1)
  3 quokkas
  4 ball pythons
  3 frilled lizards
  4 kobolds
  4 rats
49 creatures vanquished.

Vanquished Creatures (others)
  A fungus (D:2)
1 creature vanquished.

Grand Total: 50 creatures vanquished

Notes
Turn   | Place    | Note
-------+----------+-------------------------------------------
     0 | D:1      | ProzacElf the Human Monk began the quest for the Orb.
     0 | D:1      | Reached XP level 1. HP: 18/18 MP: 1/1
   389 | D:1      | Reached XP level 2. HP: 24/24 MP: 2/2
   988 | D:1      | Reached XP level 3. HP: 29/29 MP: 3/3
  1324 | D:2      | Found a faded altar of an unknown god.
  1773 | D:2      | Prayed at the altar of an unknown god.
  1773 | D:2      | Became a worshipper of Trog the Wrathful
  1773 | D:2      | Reached * piety under Trog
  1773 | D:2      | Reached ** piety under Trog
  2344 | D:3      | Reached XP level 4. HP: 28/35 MP: 4/4
  2925 | D:3      | Reached *** piety under Trog
  2933 | D:3      | Reached XP level 5. HP: 39/41 MP: 5/5
  2970 | D:3      | Noticed a centaur
  2976 | D:3      | Killed from afar by a centaur

Illustrated notes

Levels and vault maps discovered:
D:1:      giann_forest_graveyard, layout_basic
D:2:      layout_rooms, shapermc_ecumenical_altar_ellora, st_stairs_6
D:3:      minmay_spotlight, layout_basic

Skill      XL: |  1  2  3  4 |
---------------+-------------+-----
Maces & Flails | 4 |  4.3
Dodging        | 4 |  4.3
Fighting       | |  3.0
Stealth        | |  2.0

Action                   |  1- 3 |  4- 6 || total
-------------------------+-------+-------++-------
Melee: Mace              |   142 |     6 ||   148
       Punch             |     3 |       ||     3
       Flail             |       |    46 ||    46
Throw: Dart              |    10 |       ||    10
Invok: Berserk           |       |     1 ||     1
 Stab: Sleeping          |     7 |       ||     7
Armor: Robe              |     3 |       ||     3
       Leather armour    |     9 |       ||     9
       Ring mail         |    38 |    19 ||    57
Dodge: Dodged            |   110 |    32 ||   142
